 Dungeon Crawl Stone Soup version 0.28.0 (webtiles) character file.

Game seed: 5997802114206675609

103912 brinewave the Warrior (level 15, -1/220 HPs)
             Began as a Minotaur Berserker on Feb 18, 2022.
             Was the Champion of Trog.
             Slain by a two-headed ogre (18 damage)
             ... on level 14 of the Dungeon.
             The game lasted 01:54:01 (23579 turns).

brinewave the Warrior (Minotaur Berserker)         Turns: 23579, Time: 01:54:02

Health: -1/220     AC: 15    Str: 32    XL:     15   Next: 90%
Magic:  0/14       EV: 13    Int:  4    God:    Trog [******]
Gold:   1226       SH: 10    Dex:  7    Spells: 14/14 levels left

rFire   . . .      SeeInvis +   H - +6 war axe (flame)
rCold   + . .      Faith    +   e - +1 kite shield {rC+}
rNeg    + . .      Spirit   .   q - +1 ring mail of Complete Protection {Fly Will+ Regen+}
rPois   .          Reflect  .   (helmet restricted)
rElec   .          Harm     .   Z - +2 cloak {rC+}
rCorr   .          Rampage  .   L - +2 pair of gloves {infuse}
Will    +++++                   v - +0 pair of boots
Stlth   ..........              E - amulet of Gozag's Respect {Faith Will+++ Dex-3 Slay+6}
HPRegen 1.26/turn               Y - ring "Emay" {Will++ Slay+4}
MPRegen 0.14/turn               i - ring "Ceshuedi" {rC- rN+ Str+3 SInv}

@: berserking, corroded, flying, very quick
A: horns 2, retaliatory headbutt
a: Renounce Religion, Berserk, Trog's Hand, Brothers in Arms


You were on level 14 of the Dungeon.
You worshipped Trog.
Trog was exalted by your worship.
You visited 2 branches of the dungeon, and saw 20 of its levels.
You also visited: Bailey, Gauntlet, Ice Cave and Volcano.

You collected 1709 gold pieces.
You spent 483 gold pieces at shops.

Inventory:

Hand Weapons
 n - the +8 trident "Lifebane" {vorpal, rF+ Int+3}
   (You found it on level 3 of the Lair of Beasts)

   It inflicts extra damage upon your enemies.
   Int:       It affects your intelligence (+3).
   rF:        It protects you from fire.
 x - the +9 flail of the Crypt {venom, Str+2}
   (You found it on level 13 of the Dungeon)

   It poisons the flesh of those it strikes.
   Str:       It affects your strength (+2).
 G - the +11 trident of Cinas {freeze, rN++ Will- Str+4}
   (You found it on level 3 of the Lair of Beasts)

   It freezes those it strikes, dealing additional cold damage.
   It can also slow down cold-blooded creatures.
   Str:       It affects your strength (+4).
   rN:        It greatly protects you from negative energy.
   Will:      It decreases your willpower.
 H - a +6 war axe of flaming (weapon)
 X - a +5 antimagic broad axe
Armour
 e - a +1 kite shield of cold resistance (worn)
 j - a +1 chain mail of poison resistance
 l - a scarf of resistance
 o - a +0 chain mail of cold resistance
 q - the +1 ring mail of Complete Protection (worn) {Fly Will+ Regen+}
   (You found it on level 4 of the Dungeon)

   Fly:       It grants you flight.
   Regen:     It increases your rate of health regeneration.
   Will:      It increases your willpower.
 r - a +0 scale mail of fire resistance
 v - a +0 pair of boots (worn)
 y - a +2 leather armour of positive energy
 I - the +2 leather armour "Veuvur" {Harm Str+4}
   (You found it on level 8 of the Dungeon)

   Str:       It affects your strength (+4).
   Harm:      It increases damage dealt and taken.
 K - a +1 pair of gloves of hurling
 L - a +2 pair of gloves of infusion (worn)
 R - a scarf of invisibility
 S - a +2 crystal plate armour
 Z - a +2 cloak of cold resistance (worn)
Jewellery
 d - a ring of protection from cold
 i - the ring "Ceshuedi" (right hand) {rC- rN+ Str+3 SInv}
   (You found it in a Gauntlet)

   [ring of positive energy]

   Str:       It affects your strength (+3).
   rC:        It makes you vulnerable to cold.
   rN:        It protects you from negative energy.
   SInv:      It lets you see invisible.
 E - the amulet of Gozag's Respect (around neck) {Faith Will+++ Dex-3 Slay+6}
   (You found it in an ice cave)

   [amulet of faith]

   It allows you to gain divine favour quickly.
   Dex:       It affects your dexterity (-3).
   Slay:      It affects your accuracy & damage with ranged weapons and melee
   (+6).
   Will:      It greatly increases your willpower.
 J - the ring of Naablol {rPois rF++ rN+ Will- Int+3}
   (You acquired it on level 6 of the Lair of Beasts)

   [ring of poison resistance]

   Int:       It affects your intelligence (+3).
   rF:        It greatly protects you from fire.
   rPois:     It protects you from poison.
   rN:        It protects you from negative energy.
   Will:      It decreases your willpower.
 N - an amulet of regeneration
 P - the amulet of Jisikhei {Faith rF+ Int+7}
   (You took it off a minotaur in a Gauntlet)

   [amulet of faith]

   It allows you to gain divine favour quickly.
   Int:       It affects your intelligence (+7).
   rF:        It protects you from fire.
 Y - the ring "Emay" (left hand) {Will++ Slay+4}
   (You found it on level 5 of the Lair of Beasts)

   [ring of slaying]

   Slay:      It affects your accuracy & damage with ranged weapons and melee
   (+4).
   Will:      It greatly increases your willpower.
Wands
 u - a wand of paralysis (18)
 w - a wand of digging (1)
 B - a wand of mindburst (18)
 D - a wand of polymorph (7)
 U - a wand of acid (17)
Scrolls
 f - 4 scrolls of magic mapping
 s - 2 scrolls of fog
 t - 4 scrolls of teleportation
 C - 3 scrolls of blinking
 F - 2 scrolls of holy word
 O - 3 scrolls of identify
 Q - a scroll of silence
Potions
 a - 5 potions of might
 b - 8 potions of heal wounds
 c - 3 potions of haste
 h - 2 potions of resistance
 k - 4 potions of cancellation
 m - 5 potions of flight
 p - 3 potions of invisibility
 z - 6 potions of curing
 A - 3 potions of berserk rage
 M - 6 potions of ambrosia
 T - 4 potions of magic
Miscellaneous
 g - a lightning rod (4/4)
 V - a box of beasts (inert)
 W - a phial of floods (inert)


   Skills:
 + Level 17.2 Fighting
 + Level 17.1 Axes
 + Level 17.0 Armour
 + Level 15.6 Dodging
 + Level 7.8 Shields


You had 14 spell levels left.
You didn't know any spells.
Your spell library was empty.

Dungeon Overview and Level Annotations

Branches:
Dungeon (14/15)            Temple (0/1) D:5            Lair (6/6) D:10
  Swamp (0/4) Lair:2       Spider (0/4) Lair:3        Slime (0/5) Lair:6
    Orc (0/2) D:9          Vaults (0/5) D:13         Bailey (visited)
  IceCv (visited)         Volcano (visited)         Gauntlet (visited)

Altars:
Kikubaaqudgha
Makhleb
Nemelex Xobeh
Qazlal
Uskayaw
Vehumet
Xom
Yredelemnul
Zin
Jiyva

Shops:
D:5 *?   D:8 (

Annotations:
D:7 2 transporters, exclusion: ice statue, Buxparty's ghost, novice GrFi


Innate Abilities, Weirdness & Mutations

You have a pair of horns on your head.
You reflexively headbutt those who attack you in melee.


Message History

The centaur warrior unwields a +3 war axe of flaming.
It stops flaming.
The centaur warrior wields a +0 shortbow.
The centaur warrior shoots an arrow.
The arrow hits you!
* * * LOW HITPOINT WARNING * * *
You slice the skeletal warrior!! You burn the skeletal warrior.
Your headbutt misses the skeletal warrior.
The skeletal warrior is moderately damaged.
You barely miss the brown ugly thing. The skeletal warrior misses you.
You furiously retaliate!
You headbutt the skeletal warrior!
A centaur warrior comes into view. It is wielding a +0 dagger of venom.
The brown ugly thing bites you.
* * * LOW HITPOINT WARNING * * *
The acid corrodes you!
You are splashed with acid!
* * * LOW HITPOINT WARNING * * *
You closely miss the skeletal warrior.
Your headbutt misses the skeletal warrior.
The skeletal warrior is heavily damaged.
You slice the brown ugly thing!! You burn the brown ugly thing!
The skeletal warrior hits you with a +0 long sword.
* * * LOW HITPOINT WARNING * * *
You slash the skeletal warrior! You burn the skeletal warrior.
The skeletal warrior is severely damaged.
You slash the brown ugly thing! You burn the brown ugly thing.
You block the brown ugly thing's attack.
You slash the skeletal warrior! You burn the skeletal warrior.
You destroy the skeletal warrior!
Trog accepts your kill.
You slice the brown ugly thing!! You burn the brown ugly thing.
You kill the brown ugly thing!
Trog accepts your kill.
The centaur warrior shoots an arrow.
The arrow hits you.
* * * LOW HITPOINT WARNING * * *
Your Armour skill increases to level 17!
You slice the two-headed ogre!! You burn the two-headed ogre!
The two-headed ogre is severely wounded.
The centaur warrior shoots an arrow.
The arrow hits you!
* * * LOW HITPOINT WARNING * * *
The two-headed ogre hits you with a +0 giant club!!
You die...

#...#
#..........
#.#.#
#..........
###### #.#.#
#..........
#.....##.#.#
###########
..[.$..#...#
....).c##..#
.?...$. #..#
...c..†##..#
..$.(.O@...#
#.....####>#
##### ###


You could see 2 centaur warriors and a two-headed ogre.

Vanquished Creatures
  An acid blob (Lair:6)
  4 rockslimes (Lair:6)
  2 azure jellies (Lair:6)
  The ghost of Dega the Warrior, a journeyman DsFi of Qazlal (Lair:3)
  A stone giant (Volcano)
  A minotaur (Gauntlet)
  A fire dragon (D:14)
  A great orb of eyes (Lair:6)
  4 boulder beetles
  2 ironbound frosthearts (IceCv)
  11 hydras
  A centaur warrior (D:14)
  2 death knights (D:13)
  5 two-headed ogres
  A catoblepas (Lair:6)
  22 death yaks
  3 tengu warriors
  Sonja (D:10)
  2 skeletal warriors
  Pikel (D:4)
  A deep elf pyromancer (D:13)
  2 bog bodies (Lair:2)
  3 lindwurms
  2 necromancers (D:13)
  A cyclops (D:14)
  8 ugly things
  3 manticores
  An eye of devastation (Gauntlet)
  15 elephants
  7 black mambas
  2 ice statues
  A torpor snail (Lair:6)
  4 gargoyles
  A molten gargoyle (Volcano)
  3 cane toads
  6 rime drakes
  Maggie (D:6)
  3 ice devils
  An efreet (Volcano)
  11 komodo dragons
  3 freezing wraiths
  A tengu conjurer (D:13)
  5 trolls
  15 polar bears
  3 slime creatures
  7 dream sheep (Lair:6)
  24 blink frogs
  A dream sheep (shapeshifter) (D:13)
  8 wyverns
  Sigmund (D:6)
  7 spriggans
  2 wraiths
  40 yaks
  A fire elemental (Volcano)
  7 basilisks
  2 fire bats (Volcano)
  5 steam dragons
  2 swamp worms (Gauntlet)
  2 acid dragons (D:12)
  A floating eye (Gauntlet)
  15 water moccasins
  2 hell hounds (Lair:3)
  2 black bears
  A hornet zombie (D:7)
  2 ice beasts
  9 orc warriors
  12 ogres
  34 wolves
  A necrophage (D:8)
  2 phantoms
  2 centaurs
  2 kobold brigands
  5 bullfrogs
  A gnoll sergeant (D:11)
  An earth elemental (Volcano)
  A two-headed ogre simulacrum (Lair:2)
  A water moccasin zombie (D:5)
  A scorpion (D:5)
  A cane toad simulacrum (Lair:2)
  A wyvern skeleton (D:7)
  6 killer bees
  An elephant simulacrum (Lair:2)
  3 wights (D:9)
  2 howler monkeys
  6 lava snakes (Volcano)
  3 centaur zombies
  16 jellies
  4 hounds
  9 orc priests
  2 bullfrog zombies
  2 bullfrog skeletons (D:6)
  A gnoll shaman (D:4)
  2 iguanas (D:5)
  A centaur skeleton (D:6)
  18 orc wizards
  5 hell rats (Lair:6)
  A wolf simulacrum (Lair:2)
  A hound skeleton (D:4)
  Robin (D:2)
  11 adders
  11 gnolls
  2 shadow imps (D:5)
  8 white imps
  2 ufetubi
  2 dart slugs (D:1)
  39 orcs
  15 bats
  14 endoplasms
  A giant cockroach (D:2)
  15 goblins
  13 hobgoblins
  7 jackals (D:4)
  A quokka (D:4)
  5 ball pythons
  4 frilled lizards
  17 kobolds
  A quokka skeleton (D:4)
  5 rats
633 creatures vanquished.

Vanquished Creatures (collateral kills)
  Fannar (Lair:3)
  2 spriggans (Lair:3)
  3 elephants (Lair:3)
  A polar bear (Lair:3)
  A hornet (Lair:3)
  2 blink frogs (Lair:3)
  A steam dragon (Lair:3)
  A wolf (Lair:3)
  A boggart (Lair:3)
13 creatures vanquished.

Vanquished Creatures (others)
  27 fungi
  107 plants
134 creatures vanquished.

Grand Total: 780 creatures vanquished

Notes
Turn   | Place    | Note
-------+----------+-------------------------------------------
     0 | D:1      | brinewave the Minotaur Berserker began the quest for the
                  | Orb.
     0 | D:1      | Reached XP level 1. HP: 19/19 MP: 0/0
   216 | D:1      | Reached XP level 2. HP: 27/27 MP: 1/1
  1010 | D:1      | Found a faded altar of an unknown god.
  1373 | D:2      | Reached XP level 3. HP: 33/33 MP: 2/2
  1374 | D:2      | Noticed Robin
  1418 | D:2      | Reached ** piety under Trog
  2129 | D:2      | Reached XP level 4. HP: 40/40 MP: 3/3
  2455 | D:2      | Killed Robin
  2978 | D:3      | Reached XP level 5. HP: 38/47 MP: 4/4
  3046 | D:3      | Reached *** piety under Trog
  3721 | D:3      | Reached skill level 5 in Axes
  3880 | D:4      | Identified the +1 ring mail of Complete Protection {Fly
                  | Will+ Regen+}
  3921 | D:4      | Found a basalt altar of Yredelemnul.
  3958 | D:4      | Reached skill level 5 in Fighting
  3996 | D:4      | Noticed an ogre
  3998 | D:4      | Killed an ogre
  3999 | D:4      | Reached XP level 6. HP: 56/56 MP: 5/5
  4116 | D:4      | Noticed a +0 short sword
  4116 | D:4      | Noticed a +0 spear
  4116 | D:4      | Noticed a +0 falchion
  4117 | D:4      | Noticed a +0 dagger
  4117 | D:4      | Noticed a +0 short sword
  4118 | D:4      | Noticed a +0 falchion
  4118 | D:4      | Noticed a +0 spear
  4118 | D:4      | Noticed a +0 dagger
  4129 | D:4      | Found a hide-covered altar of Uskayaw.
  4369 | D:4      | Noticed Pikel
  4421 | D:4      | Killed Pikel
  4422 | D:4      | Reached skill level 5 in Armour
  4422 | D:4      | Reached skill level 5 in Dodging
  4422 | D:4      | Reached XP level 7. HP: 61/64 MP: 6/6
  4512 | D:4      | Found a stormy altar of Qazlal.
  4673 | D:5      | Entered Level 5 of the Dungeon
  4717 | D:5      | Reached XP level 8. HP: 66/71 MP: 7/7
  4926 | D:5      | Found a staircase to the Ecumenical Temple.
  5029 | D:5      | Found Bozaniti's Bounteous Boutique.
  5031 | D:5      | Found Hukhlalez's Magic Scroll Emporium.
  5037 | D:5      | Bought a scroll of blinking for 105 gold pieces
  5052 | D:5      | Bought a scroll of blinking for 105 gold pieces
  5052 | D:5      | Bought a scroll of identify for 28 gold pieces
  5052 | D:5      | Bought a scroll of identify for 28 gold pieces
  5325 | D:6      | Noticed Sigmund
  5390 | D:5      | Reached **** piety under Trog
  5852 | D:6      | Reached XP level 9. HP: 49/81 MP: 8/8
  6036 | D:5      | Bought a scroll of identify for 28 gold pieces
  6036 | D:5      | Bought a scroll of identify for 28 gold pieces
  6036 | D:5      | Bought a scroll of identify for 28 gold pieces
  6060 | D:6      | Killed Sigmund
  6219 | D:6      | Noticed Maggie
  6239 | D:6      | Killed Maggie
  6561 | D:7      | Found an ancient bone altar of Kikubaaqudgha.
  6684 | D:7      | Noticed an ice statue
  6919 | D:7      | Found a transporter.
  6923 | D:7      | Noticed Buxparty's ghost (novice GrFi)
  6936 | D:7      | Found a transporter.
  6998 | D:7      | Found a burning altar of Makhleb.
  6999 | D:7      | Noticed a blizzard demon
  7000 | D:7      | Found a glowing silver altar of Zin.
  7001 | D:7      | Noticed an angel
  7373 | D:8      | Found Ticraudd's Weapon Shop.
  7518 | D:8      | Reached XP level 10. HP: 91/91 MP: 9/9
  7808 | D:8      | Identified the +2 leather armour "Veuvur" {Harm Str+4}
  8377 | D:9      | Reached ***** piety under Trog
  8786 | D:9      | Found a staircase to the Orcish Mines.
  9012 | D:5      | Bought a scroll of identify for 28 gold pieces
  9012 | D:5      | Bought a scroll of blinking for 105 gold pieces
  9171 | D:9      | Reached skill level 10 in Fighting
  9174 | D:9      | Reached skill level 10 in Axes
  9266 | D:9      | Found a shimmering altar of Xom.
  9443 | D:10     | Entered Level 10 of the Dungeon
  9443 | D:10     | Noticed a two-headed ogre
  9484 | D:10     | Found a radiant altar of Vehumet.
  9532 | D:10     | Reached skill level 10 in Armour
  9576 | D:10     | Killed a two-headed ogre
  9642 | D:10     | Found a sparkling altar of Nemelex Xobeh.
  9742 | D:10     | Reached XP level 11. HP: 100/101 MP: 10/10
  9756 | D:10     | Found a flagged portal.
  9762 | Bailey   | Entered a bailey
  9799 | Bailey   | Received a gift from Trog
  9886 | Bailey   | Noticed a two-headed ogre
  9896 | Bailey   | Killed a two-headed ogre
  9972 | Bailey   | Reached skill level 10 in Dodging
 10236 | D:10     | Noticed Sonja
 10272 | D:10     | Found a staircase to the Lair.
 10282 | Lair:1   | Entered Level 1 of the Lair of Beasts
 10995 | Lair:2   | Found a gate leading to a gauntlet.
 11003 | Gauntlet | Entered a Gauntlet
 11003 | Gauntlet | Found a transporter.
 11003 | Gauntlet | Found a transporter.
 11015 | Gauntlet | Found a transporter.
 11020 | Gauntlet | Found a transporter.
 11026 | Gauntlet | Found a transporter.
 11036 | Gauntlet | Found a transporter.
 11036 | Gauntlet | Found a transporter.
 11038 | Gauntlet | Found a transporter.
 11043 | Gauntlet | Found a transporter.
 11208 | Gauntlet | Found a transporter.
 11244 | Gauntlet | Found a transporter.
 11270 | Gauntlet | Found a transporter.
 11297 | Gauntlet | Identified the ring "Ceshuedi" {rC- rN+ Str+3 SInv}
 11381 | Gauntlet | Identified the amulet of Jisikhei {Faith rF+ Int+7}
 11381 | Gauntlet | Noticed a minotaur
 11394 | Gauntlet | Killed a minotaur
 11568 | Lair:2   | Found a staircase to the Swamp.
 11568 | Lair:2   | Noticed a bog body
 11574 | Lair:2   | Killed a bog body
 11575 | Lair:2   | Reached XP level 12. HP: 113/113 MP: 8/11
 12257 | Lair:2   | Noticed a death yak
 12276 | Lair:2   | Killed a death yak
 12410 | Lair:2   | Noticed a death yak
 12410 | Lair:2   | Noticed a death yak
 12410 | Lair:2   | Noticed a death yak
 12412 | Lair:2   | Noticed a death yak
 12412 | Lair:2   | Noticed a death yak
 12413 | Lair:2   | Noticed a death yak
 12413 | Lair:2   | Noticed a death yak
 12434 | Lair:2   | Killed a death yak
 12438 | Lair:2   | Killed a death yak
 12445 | Lair:2   | Killed a death yak
 12453 | Lair:2   | Killed a death yak
 12458 | Lair:2   | Killed a death yak
 12486 | Lair:2   | Killed a death yak
 12491 | Lair:2   | Killed a death yak
 12654 | Lair:2   | Noticed a death yak
 12664 | Lair:2   | Killed a death yak
 12664 | Lair:2   | Received a gift from Trog
 13275 | Lair:3   | Reached XP level 13. HP: 123/123 MP: 0/12
 13317 | Lair:3   | Identified the +11 trident of Cinas {freeze, rN++ Will-
                  | Str+4}
 13511 | Lair:3   | Found a dark tunnel.
 13531 | Volcano  | Entered a volcano
 13872 | Volcano  | Found a radiant altar of Vehumet.
 14009 | Volcano  | Noticed a stone giant
 14016 | Volcano  | Killed a stone giant
 14084 | Volcano  | Received a gift from Trog
 14257 | Lair:3   | Identified the +8 trident "Lifebane" {vorpal, rF+ Int+3}
 14302 | Lair:3   | Found a hole to the Spider Nest.
 14380 | Lair:3   | Noticed Fannar
 14392 | Lair:3   | Killed Fannar
 14629 | Lair:3   | Found a runed translucent door.
 14630 | Lair:3   | Noticed Dega's ghost (journeyman DsFi)
 14632 | Lair:3   | Identified the +1 spear "Duplubb" {speed, rPois Dex+3}
 14720 | Lair:3   | Killed Dega's ghost
 15275 | Lair:4   | Found a frozen archway.
 15302 | IceCv    | Entered an ice cave
 15367 | IceCv    | Identified the amulet of Gozag's Respect {Faith Will+++
                  | Dex-3 Slay+6}
 15515 | IceCv    | Identified the +3 battleaxe "Roafrod" {flame, rF- Str+4
                  | Dex+4} (Trog gifted it to you in an ice cave)
 15515 | IceCv    | Received a gift from Trog
 15522 | IceCv    | Reached skill level 15 in Fighting
 15531 | IceCv    | Reached skill level 15 in Axes
 15870 | IceCv    | Reached XP level 14. HP: 95/135 MP: 7/13
 16146 | IceCv    | Reached skill level 15 in Armour
 17663 | Lair:5   | Identified the ring "Emay" {Will++ Slay+4}
 18414 | Lair:6   | Entered Level 6 of the Lair of Beasts
 18628 | Lair:6   | Identified a scroll of acquirement
 18629 | Lair:6   | Acquired the ring of Naablol {rPois rF++ rN+ Will- Int+3}
 18640 | Lair:6   | Reached skill level 1 in Shields
 18726 | Lair:6   | Received a gift from Trog
 19243 | Lair:6   | Found a staircase to the Slime Pits.
 19411 | Lair:6   | Found a viscous altar of Jiyva.
 19411 | Lair:6   | Noticed an azure jelly
 19411 | Lair:6   | Noticed a rockslime
 19411 | Lair:6   | Noticed a rockslime
 19411 | Lair:6   | Noticed a rockslime
 19411 | Lair:6   | Noticed a rockslime
 19411 | Lair:6   | Noticed an azure jelly
 19628 | Lair:6   | Reached ****** piety under Trog
 19786 | Lair:6   | Reached XP level 15. HP: 131/144 MP: 2/14
 19829 | Lair:6   | Killed a rockslime
 19830 | Lair:6   | Reached skill level 5 in Shields
 20123 | Lair:6   | Killed a rockslime
 20249 | Lair:6   | Killed an azure jelly
 20409 | Lair:6   | Noticed an acid blob
 20424 | Lair:6   | Killed an acid blob
 20425 | Lair:6   | Reached skill level 15 in Dodging
 20534 | Lair:6   | Killed a rockslime
 20687 | Lair:6   | Killed a rockslime
 20874 | Lair:6   | Killed an azure jelly
 21026 | D:10     | Killed Sonja
 21529 | D:11     | Received a gift from Trog
 22253 | D:12     | You are sucked into a shaft and drop 1 floor!
 22407 | D:13     | Identified the +9 flail of the Crypt {venom, Str+2}
 22911 | D:13     | Received a gift from Trog
 23149 | D:13     | Found a gate to the Vaults.
 23579 | D:14     | Slain by a two-headed ogre

Illustrated notes

Levels and vault maps discovered:
D:1:      heliophobic_arrival_glass_houses, layout_basic,
          ebering_ecumenical_altar_hall
D:2:      layout_rooms, guppyfry_early_orc_mine, uniq_robin
D:3:      layout_loops_ring, roderic_batcave, nrook_loot_triangle
D:4:      layout_layer_cave, nicolae_uskayaw_en_pointe,
          mainiacjoe_overflow_swirl, chequers_serial_rivers_marsh, uniq_pikel
D:5:      layout_gridville, minmay_temple_entry_sparse_star,
          nicolae_stop_n_shop_1, minmay_misc_feat_tower, nicolae_alphabet_shops
D:6:      hangedman_cross_stitches, layout_loops_cross, minmay_crystal_room,
          uniq_sigmund, uniq_maggie
D:7:      layout_gridville, grunt_temple_overflow_order_and_chaos_2,
          mainiacjoe_overflow_small_starburst, nzn_ghost_randoct
D:8:      layout_loops_ring, serial_shops, nicolae_shop_hallway_stairs
D:9:      layout_long_grid, brannock_xom_greatest_gift, david_orc_4,
          minivault_25
D:10:     layout_roguey, fiery_altar_vehumet, nemelex_xobeh_ov_fountains_minmay,
          david_lair_generic, enter_bailey_2, uniq_sonja
D:11:     layout_loops_ring, kennysheep_path_1
D:12:     layout_basic, minmay_misc_feat_diagonals, roderic_serpentine_path
D:13:     layout_loops_cross, david_vaults_1
D:14:     minmay_heptahexagon, layout_basic, serial_park_gazebo
          [serial_park_minivault_5x5_3], kennysheep_generic_room_11
Lair:1:   wad_woods_tower, layout_misc_corridors, lemuel_fruit_tree
Lair:2:   dreamdust_isle_of_ice, layout_cave_pods, skrybe_swamp_entry_bodies,
          gauntlet_entry_generic, grunt_megastairs_2
Lair:3:   layout_regular_city, spider_nest_entry_web_field,
          ebering_ghost_funeral_grove, enter_volcano_3, uniq_fannar
Lair:4:   layout_regular_city, portal_ice_cave_entry_pillars_1,
          patterned_corridor, grunt_megastairs_1
Lair:5:   layout_small_grid
Lair:6:   hangedman_lair_in_review, layout_gridlike,
          nicolae_slime_entry_slimehenge, special_room [special_room_jelly],
          st_stairs_3

Skill      XL: |  1  2  3  4  5  6  7  8  9 10 11 12 13 14 15 |
---------------+----------------------------------------------+-----
Fighting       | 4 5 6 8 9 10 12 13 15 16 17 | 17.2
Axes           | 4 5 6 8 9 10 12 13 15 16 17 | 17.1
Armour         | 3 4 5 6 7 9 10 12 13 14 16 17 | 17.0
Dodging        | 3 4 5 6 8 9 11 12 13 14 15 | 15.6
Shields        | 4 7 |  7.8

Action                   |  1- 3 |  4- 6 |  7- 9 | 10-12 | 13-15 || total
-------------------------+-------+-------+-------+-------+-------++-------
Melee: Hand axe          |    93 |   169 |       |       |       ||   262
       Headbutt          |     5 |    23 |    37 |   100 |   173 ||   338
       Whip              |       |       |   281 |    23 |       ||   304
       War axe           |       |       |       |   438 |   735 ||  1173
Throw: Dart              |     1 |       |       |       |       ||     1
       Boomerang         |     1 |       |       |       |       ||     1
Invok: Berserk           |       |     2 |     3 |     6 |     4 ||    15
       Brothers in Arms  |       |       |       |       |     2 ||     2
Evoke: Box of beasts     |       |       |       |       |     2 ||     2
       Phial of floods   |       |       |       |       |     1 ||     1
  Use: Scroll            |     2 |     3 |    11 |    14 |    10 ||    40
       Potion            |       |       |     1 |     3 |     1 ||     5
 Stab: Distracted        |       |       |       |       |     1 ||     1
Armor: Animal skin       |    24 |     1 |       |       |       ||    25
       Ring mail         |       |    66 |   149 |   184 |   340 ||   739
       Robe              |       |       |       |     2 |       ||     2
Dodge: Dodged            |    38 |    53 |   131 |   215 |   318 ||   755
Block: Tower shield      |    46 |   108 |   188 |   249 |   111 ||   702
       Kite shield       |       |       |       |       |   165 ||   165
